 Dungeon Crawl Stone Soup version 0.24-a0-102-g7635c99 (console) character file.

Game seed: 4683805381412983680

399 Duffy the Caller (level 6, -1/55 HPs)
             Began as a Naga Summoner on Feb 12, 2019.
             Slain by a centaur (7 damage)
             ... on level 4 of the Dungeon.
             The game lasted 00:08:16 (5419 turns).

Duffy the Caller (Naga Summoner)                    Turns: 5419, Time: 00:08:17

Health: -1/55      AC:  5    Str: 11    XL:     6   Next: 84%
Magic:  7/12       EV: 10    Int: 22    God:
Gold:   214        SH:  0    Dex: 11    Spells: 3/13 levels left

rFire    . . .     SeeInvis +   m - +0 dagger (venom)
rCold    . . .     Gourm    .   (no shield)
rNeg     + . .     Faith    .   a - +0 robe
rPois    +         Spirit   .   (no helmet)
rElec    .         Reflect  .   r - +0 cloak
rCorr    .         Harm     .   b - +0 pair of gloves
MR       +....                  (no barding)
Stlth    ++........             (no amulet)
HPRegen  0.18/turn              d - ring of positive energy
MPRegen  0.13/turn              h - ring of protection from magic

@: brilliant, very slow
A: large, see invisible, deformed body, poison resistance, slowness 2, slow
metabolism 1, spit poison 1, AC +2
a: Spit Poison


You were on level 4 of the Dungeon.
You were not hungry.

You visited 1 branch of the dungeon, and saw 4 of its levels.

You collected 214 gold pieces.

Inventory:

Hand Weapons
 f - a +0 dagger
 m - a +0 dagger of venom (weapon)
 u - a +1 flail of holy wrath
Armour
 a - a +0 robe (worn)
 b - a +0 pair of gloves (worn)
 r - a +0 cloak (worn)
Jewellery
 d - a ring of positive energy (left hand)
 h - a ring of protection from magic (right hand)
 p - an uncursed ring of flight
Wands
 q - a wand of disintegration (16)
 t - a wand of random effects (20)
Scrolls
 e - 5 scrolls of teleportation {unknown}
 k - 5 scrolls of identify {unknown}
 n - 2 scrolls of remove curse {unknown}
 o - a scroll of blinking {unknown}
Potions
 g - a potion of mutation {unknown}
 i - a potion of brilliance
 j - a potion of curing {unknown}
 l - 3 potions of might {unknown}
Comestibles
 c - 7 rations


   Skills:
 + Level 2.4 Fighting
 - Level 1.5 Dodging
 - Level 3.0 Stealth
 + Level 4.1 Spellcasting
 + Level 5.6 Summonings
 + Level 2.1 Air Magic


You had 3 spell levels left.
You knew the following spells:

 Your Spells              Type           Power        Failure   Level  Hunger
h - Call Canine Familiar  Summ           #####...     1%          3    ##.....
j - Call Imp              Summ           #####...     1%          2    #......
k - Summon Small Mammal   Summ           ####         1%          1    None
l - Summon Lightning Spi  Summ/Air       ####....     2%          4    ####...

Your spell library contained the following spells:

 Spells                   Type           Power        Failure   Level  Hunger
 Summon Guardian Golem    Hex/Summ       ####....     1%          3    ##.....
 Summon Ice Beast         Ice/Summ       ####....     4%          4    ####...


Dungeon Overview and Level Annotations

Branches:
Dungeon (4/15)
 Temple: D:4-7

Altars:
Dithmenos
Gozag
Okawaru
Zin


Innate Abilities, Weirdness & Mutations

You cannot wear boots.
Your serpentine skin is tough. (AC +2)
You have supernaturally acute eyesight. (SInv)
Armour fits poorly on your strangely shaped body.
Your system is resistant to poisons. (rPois)
You cover ground very slowly.
You have a slow metabolism.
You can spit poison.


Message History

Your hound barely misses the hound.
The centaur barely misses you. The hound closely misses your hound.
Your hound bites the hound but does no damage.
Your crimson imp blinks!
You barely miss the centaur. The centaur closely misses you.
The hound barely misses your hound.
Your hound bites the hound.
The centaur barely misses you.
Your crimson imp blinks!
The orc hits your hound with a +0 mace.
You barely miss the centaur. The hound bites your hound.
Your hound bites the hound.
The centaur hits you!
The hound bites your hound but does no damage.
Your hound completely misses the hound.
An orc comes into view. It is wielding a +0 hand axe.
Okay, then.
It was a potion of brilliance.
You feel clever all of a sudden. The centaur closely misses you.
The orc hits your hound with a +0 mace. The hound misses your hound.
Your hound bites the orc.
The centaur hits you!
You die...

#... # #.... #
.###..... ##
oa#...... ##.
#ho...... #..
#h....... ##..
##.c...... ####...
#.@....... ...#.<..
##.(.......
........
#..(...#### .......
........##
##..(.### ##.....
.........# #....##
. #......
.........# ##....#
..####...
.........# #.(...#
.........
.........# ##.....#
.........
.........###......#
.........


You could see a centaur, a hound, a worker ant, 2 orcs and a friendly hound.

Vanquished Creatures
  Edmund (D:4)
  3 adders
  An ooze (D:3)
  2 worms (D:4)
  A dart slug (D:4)
  A leopard gecko (D:4)
  A giant cockroach (D:1)
  5 hobgoblins
  2 quokkas
  10 bats
  4 frilled lizards
  10 goblins
  9 kobolds
  8 rats
58 creatures vanquished.

Vanquished Creatures (collateral kills)
  A phantom (D:4)
  2 ogres (D:4)
  Crazy Yiuf (D:3)
  A centaur skeleton (D:4)
  A worker ant (D:4)
  2 adders (D:2)
  An ooze (D:1)
  A worm (D:2)
  3 bats
  4 goblins
  A hobgoblin (D:1)
  2 kobolds (D:2)
  A quokka (D:2)
  A frilled lizard (D:2)
  A quokka skeleton (D:4)
  5 rats (D:1)
28 creatures vanquished.

Grand Total: 86 creatures vanquished

Notes
Turn   | Place    | Note
-------+----------+-------------------------------------------
     0 | D:1      | Duffy the Naga Summoner began the quest for the Orb.
     0 | D:1      | Reached XP level 1. HP: 15/15 MP: 3/3
    56 | D:1      | Reached XP level 2. HP: 8/22 MP: 0/5
  1239 | D:1      | Learned a level 2 spell: Call Imp
  1547 | D:1      | Reached XP level 3. HP: 15/28 MP: 1/6
  1552 | D:1      | Learned a level 3 spell: Call Canine Familiar
  2113 | D:2      | Found a faded altar of an unknown god.
  2638 | D:2      | Reached XP level 4. HP: 32/36 MP: 5/8
  3469 | D:3      | Reached skill level 5 in Summonings
  3791 | D:3      | Found a runed translucent door.
  3792 | D:3      | Noticed Crazy Yiuf
  3950 | D:3      | Killed Crazy Yiuf
  3950 | D:3      | Reached skill level 1 in Fighting
  4102 | D:3      | Reached XP level 5. HP: 39/44 MP: 10/10
  4103 | D:3      | Found an iron altar of Okawaru.
  4124 | D:3      | Learned a level 4 spell: Summon Lightning Spire
  4240 | D:4      | Noticed an ogre
  4247 | D:4      | Killed an ogre
  4641 | D:4      | Reached skill level 1 in Air Magic
  4666 | D:4      | Noticed a phantom
  4682 | D:4      | Killed a phantom
  4682 | D:4      | Reached XP level 6. HP: 30/52 MP: 3/11
  4815 | D:4      | Noticed Edmund
  4828 | D:4      | Killed Edmund
  5258 | D:4      | Found an opulent altar of Gozag.
  5259 | D:4      | Found a glowing silver altar of Zin.
  5341 | D:4      | Found a shadowy altar of Dithmenos.
  5419 | D:4      | Slain by a centaur

Levels and vault maps discovered:
D:1:      erik_arrival_orb_chamber, layout_basic
D:2:      layout_loops_cross, chequers_ecumenical_altar_simple
D:3:      layout_rooms, first_ration, kennysheep_okawaru_gauntlet,
          uniq_crazy_yiuf_cottage
D:4:      layout_cave_pods, grunt_temple_overflow_gold_and_silver,
          old_standard_altar, nicolae_dithmenos_through_a_glass_darkly,
          hangedman_abyss_or_decor_passed, nicolae_underground_beach,
          uniq_edmund

Skill      XL: |  1  2  3  4  5  6 |
---------------+-------------------+-----
Spellcasting   | 3 4 |  4.1
Summonings     | 5 |  5.6
Fighting       | 1 2 |  2.4
Air Magic      | 1 2 |  2.1
Dodging        | |  1.5
Stealth        | |  3.0

Action                   |  1- 3 |  4- 6 || total
-------------------------+-------+-------++-------
Melee: Dagger            |    81 |   136 ||   217
 Cast: Summon Small Mamm |     5 |       ||     5
       Call Imp          |     2 |    23 ||    25
       Call Canine Famil |     6 |    12 ||    18
 Abil: Spit Poison       |    33 |     3 ||    36
  Use: Potion            |     1 |     1 ||     2
 Stab: Sleeping          |     2 |     2 ||     4
  Eat: Chunk             |     6 |     6 ||    12
       Ration            |       |     1 ||     1
Armor: Robe              |    44 |    42 ||    86
Dodge: Dodged            |    83 |   104 ||   187

Table legend:
 A = Non-vault XP
 B = Vault XP
 C = Vault XP percentage of total XP
 D = Non-vault monster count
 E = Vault monster count
 F = Vault count percentage of total count
                 A         B        C        D         E       F
            +---------+---------+-------+---------+---------+-------
      Total |     432 |     138 |  24.2 |      70 |      16 |  18.6
            +---------+---------+-------+---------+---------+-------
        D:1 |      24 |      12 |  33.3 |      17 |      12 |  41.4
        D:2 |      59 |       0 |   0.0 |      29 |       0 |   0.0
        D:3 |      50 |      23 |  31.5 |      13 |       3 |  18.8
        D:4 |     299 |     103 |  25.6 |      11 |       1 |   8.3
            +---------+---------+-------+---------+---------+-------
